AoeStats
← Noir_Angel

Arabia

508708651Analyzed
2v2 RM · 8d ago on Sep 23, 2026· 44m 8s· 4 players
Game mode
Random Map
Map size
Medium (4 player)
Population
200
Speed
Normal
Resources
Standard
Victory
Conquest
Starting age
Dark Age
Ending age
Imperial Age
RankedLock teamsTeams togetherTeam positionsShared explorationLock speedFull tech treeHidden civsTurbo modeCheats
Victory
Defeat
🇩🇪 Saxons · Germany
1163
+16
🇩🇪 Danes · Germany
1152
+17
🇮🇳 Inca · India
1176
-17
🇺🇦 Lithuanians · Ukraine
1157
-16
Mann aus Sachsen
7:53 Loom
10:01 Feudal Age
10:34 Double-Bit Axe
10:54 Man-at-Arms
12:49 Horse Collar
22:02 Castle Age
20:56 Arson
21:13 Scale Mail Armor
22:42 Forging
23:35 Bow Saw
25:33 Chain Mail Armor
34:02 Wheelbarrow
33:12 Town Watch
38:04 Squires
Noir_Angel
6:52 Loom
10:15 Feudal Age
10:23 Man-at-Arms
13:57 Arson
15:47 Scale Barding Armor
15:44 Scale Mail Armor
15:55 Forging
17:34 Wheelbarrow
20:05 Horse Collar
24:22 Castle Age
23:39 Double-Bit Axe
23:48 Gold Mining
24:35 Pikeman
26:37 Bow Saw
28:47 Gambesons
29:05 Squires
30:51 Heavy Plow
34:22 Chain Mail Armor
34:43 Iron Casting
39:44 Gold Shaft Mining
38:59 Stone Mining
38:56 Town Watch
39:27 Hand Cart
40:39 Fletching
43:37 Imperial Age
41:07 Town Patrol
41:53 Hamask
43:19 Long Swordsman
Tyrion_
3:02 Loom
9:50 Feudal Age
12:08 Double-Bit Axe
16:30 Champi Runner
22:09 Castle Age
20:06 Horse Collar
22:01 Wheelbarrow
21:32 Fletching
21:42 Padded Archer Armor
22:21 Crossbowman
23:13 Thumb Ring
24:11 Bodkin Arrow
27:16 Gold Mining
27:17 Stone Mining
27:31 Champi Warrior
30:13 Bow Saw
32:05 Leather Archer Armor
32:02 Forging
31:52 Scale Mail Armor
33:32 Heavy Plow
36:34 Squires
36:19 Arson
41:17 Imperial Age
40:10 Iron Casting
39:35 Scale Mail Armor
42:12 Ballistics
41:21 Arbalester
41:59 Capped Ram
43:14 Siege Ram
Sealion42
6:20 Loom
8:49 Feudal Age
9:20 Double-Bit Axe
9:55 Horse Collar
17:30 Wheelbarrow
20:27 Castle Age
19:13 Scale Barding Armor
19:30 Gold Mining
20:26 Bloodlines
21:20 Bow Saw
21:11 Heavy Plow
21:54 Forging
28:09 Chain Barding Armor
44:40 Imperial Age
45:01 Imperial Age
43:33 Fletching
Connection lost

Rejoining the realm…

Still unreachable

The connection could not be restored.

Session expired

The server has moved on; the page needs a fresh start.